cohdb
Replays
Latest Replays
All Replays
Popular Replays
Top Player Replays
Match Explorer
How It Works
Community
CoH3 Stats
Reddit
Sign in to upload your games and track your stats! →
Sign in with Steam
Match 47402135
Unlisted
Match 47402135
Overview
Messages
Build Orders
End
Pioneer Squad
Construct Infanterie Kompanie
Selects Italian Coastal Battlegroup
Selects Coastal Reserves
Coastal Reserve
MG 42 Machine Gun Team
GrW 34 Mortar Team
Construct Luftwaffe Kompanie
Selects Artillery Officer
Artillery Officer
MG 42 Bunker
221 Scout Car
Jäger Squad
Medical Bunker
Selects Support Bunkers
Selects Designated Artillery Overwatch
Pioneer Squad
Support Elements
Marder III M Tank Destroyer
Marder III M Tank Destroyer
Jäger Squad
Anti-tank Bunker
Selects Bulwark
Selects Coastal Wall
Jäger Squad
MG 42 Bunker
란카
Mr.Faraam
Hareun
MonikaのPants
0
0
Comments
sign in to comment!
No comments posted yet!